 Dungeon Crawl Stone Soup version 0.28.0-53-g5a82cb258f (webtiles) character file.

Game seed: 10422079469026033460

31 Zeld the Firebug (level 3, -4/19 HPs)
             Began as a Deep Elf Fire Elementalist on May 22, 2022.
             Slain by a gnoll
             ... wielding a +0 spear
              (6 damage)
             ... on level 2 of the Dungeon.
             The game lasted 00:01:10 (1530 turns).

Zeld the Firebug (Deep Elf Fire Elementalist)       Turns: 1530, Time: 00:01:11

Health: -4/19      AC:  2    Str:  5    XL:     3   Next: 7%
Magic:  3/10       EV: 13    Int: 21    God:
Gold:   58         SH:  0    Dex: 15    Spells: 3/9 levels left

rFire   . . .      SeeInvis .   a - +0 dagger (venom)
rCold   . . .      Faith    .   (no shield)
rNeg    . . .      Spirit   .   d - +0 robe
rPois   .          Reflect  .   (no helmet)
rElec   .          Harm     .   (no cloak)
rCorr   .          Rampage  .   (no gloves)
Will    .....                   (no boots)
Stlth   ++........              (no amulet)
HPRegen 0.06/turn               (no ring)
MPRegen 0.12/turn               (no ring)

@: no status effects
A: no striking features
a: no special abilities


You were on level 2 of the Dungeon.
You visited 1 branch of the dungeon, and saw 2 of its levels.

You collected 58 gold pieces.

Inventory:

Hand Weapons
 a - a +0 dagger of venom (weapon)
Armour
 d - a +0 robe (worn)
Scrolls
 b - a scroll of silence {unknown}
 c - a scroll of fear {unknown}
 g - a scroll of vulnerability {unknown}
Potions
 e - a potion of might {unknown}
 f - 2 potions of lignification {unknown}
 h - a potion of attraction {unknown}


   Skills:
 + Level 2.8 Dodging
 - Level 2.4 Stealth
 * Level 3.8 Spellcasting
 + Level 1.5 Conjurations
 + Level 0.1 Hexes
 * Level 3.8 Fire Magic


You had 3 spell levels left.
You knew the following spells:

 Your Spells              Type           Power      Damage    Failure   Level
a - Foxfire               Conj/Fire      60%        2x1d7     4%          1
b - Scorch                Fire           40%        2d7       3%          2
c - Inner Flame           Hex/Fire       12%        N/A       16%         3

Your spell library contained the following spells:

 Spells                   Type           Power      Damage    Failure   Level
 Conjure Flame            Conj/Fire      15%        6-21      12%         3
 Flame Wave               Conj/Fire      15%        2d6       38%         4
 Fulminant Prism          Conj/Hex       3%         3d6       65%         4
 Iskenderun's Mystic Bla  Conj/Tloc      7%         2d4       65%         4
 Lee's Rapid Deconstruct  Erth           1%         3d5*      98%         5


Dungeon Overview and Level Annotations

Branches:
Dungeon (2/15)

Altars:


Message History

A gnoll comes into view. It is wielding a +0 club.
The adder bites you. x2
The gnoll closely misses you. The adder misses you.
A goblin comes into view. It is wielding a +0 club.
Found a stone staircase leading up.
The adder bites you but does no damage. The adder misses you.
Casting: Scorch (safe; 3% risk of failure)
Confirm with . or Enter, or press ? or * to list all spells.
Flames lash the gnoll.
The gnoll is moderately wounded.
The gnoll's fire resistance burns away.
The goblin shouts!
You hear a shout! x2
The adder barely misses you.
Casting: Scorch (safe; 3% risk of failure)
Confirm with . or Enter, or press ? or * to list all spells.
Flames lash the gnoll.
The gnoll is burned terribly!
The gnoll is severely wounded.
The adder bites you. The goblin barely misses you. The adder bites you.
The goblin hits you with a +0 club.
Casting: Scorch (safe; 3% risk of failure)
Confirm with . or Enter, or press ? or * to list all spells.
Flames lash the gnoll.
The gnoll is severely wounded.
The gnoll's fire resistance burns away.
The goblin misses you. The goblin hits you with a +0 club.
Found 7 gold pieces.
The gnoll is no longer more vulnerable to fire.
Casting: Scorch (safe; 3% risk of failure)
Confirm with . or Enter, or press ? or * to list all spells.
Flames lash the adder.
The adder is severely wounded.
The adder's fire resistance burns away.
The goblin barely misses you.
A gnoll comes into view. It is wielding a +0 spear.
The gnoll shouts!
The gnoll misses you. The gnoll misses you. The gnoll hits you with a +0 spear!
* * * LOW HITPOINT WARNING * * *
The gnoll hits you from afar with a +0 spear.
You die...

...##.## ##..# ...#..#.
.#..# ...#..#.
.#.g##############.
.g=g..#.#.#..g..gS..........
...##.##.##.########...####
.....ggg......g#####...####
#######..g####g.g.Sg.$......
##### #.g#########..#
#..@....... .# #..#######. #
#.... #.... #....# #....+
#....# ....


You could see 3 gnolls.

Vanquished Creatures
  2 dart slugs (D:1)
  3 ball pythons (D:1)
  3 endoplasms (D:1)
  A giant cockroach (D:1)
  4 goblins (D:1)
  A hobgoblin (D:1)
  3 quokkas (D:1)
  2 frilled lizards
  3 kobolds (D:1)
  2 rats (D:1)
24 creatures vanquished.

Vanquished Creatures (others)
  29 foxfires (D:1)
29 creatures vanquished.

Grand Total: 53 creatures vanquished

Notes
Turn   | Place    | Note
-------+----------+-------------------------------------------
     0 | D:1      | Zeld the Deep Elf Fire Elementalist began the quest for the
                  | Orb.
     0 | D:1      | Reached XP level 1. HP: 10/10 MP: 6/6
   243 | D:1      | Reached XP level 2. HP: 15/15 MP: 2/8
   376 | D:1      | Learned a level 2 spell: Scorch
  1251 | D:1      | Reached XP level 3. HP: 19/19 MP: 5/10
  1255 | D:1      | Learned a level 3 spell: Inner Flame
  1530 | D:2      | Slain by a gnoll

Illustrated notes

Levels and vault maps discovered:
D:1:      lordsloth_arrival_two_stooges, layout_rooms,
          chequers_serial_rivers_small_b, nrook_mini_vaults, serial_park_tiny_2
D:2:      layout_basic, serial_shops, shop_statue,
          ebering_ecumenical_altar_sacrificial, chequers_serial_rivers_micro_c,
          minmay_distorted, uniq_crazy_yiuf_cottage

Action                   || total
-------------------------++-------
Melee: Dagger            ||    26
       Unarmed           ||     2
 Cast: Foxfire           ||    22
       Scorch            ||    15
 Stab: Sleeping          ||     1
Armor: Robe              ||     8
Dodge: Dodged            ||    30
